AoeStats
← IIIIIIIIIII2155

Black Forest

506325789Analyzed
4v4 RM · 21d ago on Sep 13, 2026· 37m 2s· 8 players
Game mode
Random Map
Map size
Large (8 player)
Population
200
Speed
Normal
Resources
Standard
Victory
Conquest
Starting age
Dark Age
Ending age
Imperial Age
RankedLock teamsTeams togetherTeam positionsShared explorationLock speedFull tech treeHidden civsTurbo modeCheats
Victory
Defeat
🇲🇽 Spanish · Mexico
1081
+12
🇨🇳 Poles · China
1032
+14
🇩🇪 Vietnamese · Germany
1031
+14
🇫🇷 Georgians · France
1012
+15
🇹🇼 Wu · Taiwan
1092
-18
🇹🇼 Cumans · Taiwan
976
-13
🇨🇳 Khmer · China
956
-12
🇨🇳 Teutons · China
950
-12
alabataille
0:33 Loom
11:57 Feudal Age
12:34 Double-Bit Axe
17:37 Castle Age
19:21 Bow Saw
25:25 Horse Collar
26:45 Wheelbarrow
26:37 Fishing Lines
28:49 Caravan
29:39 Hand Cart
31:08 Svan Towers
31:21 Scale Barding Armor
35:09 Imperial Age
32:37 Guard Tower
33:13 Chain Barding Armor
32:47 Fletching
33:07 Forging
33:37 Bloodlines
33:28 Husbandry
33:53 Masonry
34:20 Bodkin Arrow
36:25 Iron Casting
36:26 Plate Barding Armor
36:15 Conscription
35:28 Light Cavalry
36:53 Hussar
Radinge
2:57 Loom
9:48 Feudal Age
16:27 Castle Age
15:07 Double-Bit Axe
16:01 Horse Collar
25:50 Heavy Plow
32:25 Imperial Age
32:21 Scale Barding Armor
32:26 Forging
32:40 Bow Saw
33:33 Chain Barding Armor
34:40 Conscription
36:05 Two-Man Saw
36:15 Plate Barding Armor
36:15 Iron Casting
36:26 Wheelbarrow
IIIIIIIIIII2155
12:31 Feudal Age
14:23 Double-Bit Axe
17:00 Castle Age
15:16 Horse Collar
17:13 Wheelbarrow
18:02 Bow Saw
17:54 Heavy Plow
22:45 Loom
24:01 Hand Cart
23:33 Town Watch
25:31 Gold Mining
25:32 Stone Mining
26:51 Stone Shaft Mining
29:07 Fletching
29:17 Padded Archer Armor
32:01 Imperial Age
29:32 Town Patrol
30:00 Bodkin Arrow
30:16 Forging
30:43 Ballistics
30:03 Treadmill Crane
31:03 Scale Barding Armor
31:14 Leather Archer Armor
30:53 Heated Shot
31:51 Chatras
32:32 Iron Casting
32:09 Elite Skirmisher
32:56 Thumb Ring
33:29 Bracer
33:50 Chain Barding Armor
33:18 Imperial Skirmisher
35:00 Ring Archer Armor
36:34 Chemistry
35:35 Pikeman
35:41 Elite Battle Elephant
36:21 Halberdier
Shoigu! Gerasimov!!
0:29 Loom
11:44 Feudal Age
18:04 Castle Age
16:15 Horse Collar
16:25 Double-Bit Axe
18:03 Horse Collar
30:30 Imperial Age
28:03 Gold Mining
28:29 Bow Saw
28:35 Bloodlines
29:23 Szlachta Privileges
30:30 Scale Barding Armor
30:35 Forging
31:26 Wheelbarrow
30:41 Cavalier
32:29 Conscription
32:21 Husbandry
33:07 Iron Casting
32:20 Fishing Lines
34:19 Chemistry
33:41 Chain Barding Armor
36:13 Blast Furnace
35:30 Gillnets
37:30 Fletching
極易電腦
5:32 Loom
11:59 Feudal Age
12:32 Double-Bit Axe
12:48 Horse Collar
14:09 Fishing Lines
18:24 Wheelbarrow
24:59 Castle Age
23:43 Stone Mining
23:46 Gold Mining
25:41 Gillnets
26:32 Gold Shaft Mining
26:01 Caravan
26:15 Scale Barding Armor
26:21 Forging
26:24 Heavy Plow
26:38 Bow Saw
30:07 Imperial Age
28:33 Iron Casting
28:32 Hand Cart
29:21 Bloodlines
30:39 Chain Barding Armor
31:58 Two-Man Saw
31:30 Crop Rotation
32:04 Blast Furnace
30:28 Cavalier
32:02 Plate Barding Armor
32:39 Murder Holes
32:23 Paladin
33:47 Conscription
33:42 Scale Mail Armor
33:34 Fletching
34:06 Ballistics
34:45 Pikeman
35:26 Squires
35:12 Arson
35:45 Chain Mail Armor
36:21 Light Cavalry
即刻救援
12:39 Feudal Age
14:47 Loom
18:44 Castle Age
17:01 Double-Bit Axe
18:34 Fishing Lines
21:24 Bow Saw
22:49 Wheelbarrow
22:30 Gillnets
23:09 Horse Collar
23:41 Gold Mining
25:59 Heavy Plow
31:54 Imperial Age
29:37 Forging
29:28 Scale Mail Armor
29:33 Squires
29:19 Arson
29:41 Pikeman
31:01 Iron Casting
32:23 Chain Mail Armor
32:00 Fletching
32:40 Hand Cart
34:19 Two-Man Saw
35:20 Chemistry
34:24 Town Watch
36:24 Halberdier
L
3:37 Loom
13:08 Feudal Age
14:02 Horse Collar
14:08 Double-Bit Axe
19:37 Castle Age
19:06 Stone Mining
19:07 Gold Mining
21:19 Wheelbarrow
21:54 Stone Shaft Mining
23:02 Gold Shaft Mining
25:08 Bow Saw
26:49 Heavy Plow
28:08 Tusk Swords
29:07 Fortified Wall
31:06 Town Watch
31:52 Ballistics
33:28 Fletching
33:39 Padded Archer Armor
34:45 Hand Cart
35:17 Town Patrol
11111
2:56 Loom
13:48 Feudal Age
14:15 Horse Collar
14:23 Double-Bit Axe
14:32 Gold Mining
15:21 Wheelbarrow
17:44 Stone Mining
20:49 Castle Age
24:16 Stone Shaft Mining
Connection lost

Rejoining the realm…

Still unreachable

The connection could not be restored.

Session expired

The server has moved on; the page needs a fresh start.